 Dungeon Crawl Stone Soup version 0.21-a0-531-gacddea6 (webtiles) character file.

188076 Amnesiac the Marksant (level 19, -9/151 HPs)
             Began as a Formicid Fighter on Dec 13, 2017.
             Was a High Priest of Okawaru.
             Mangled by a caustic shrike (17 damage)
             ... on level 3 of the Depths.
             The game lasted 01:06:53 (25524 turns).

Amnesiac the Marksant (Formicid Fighter)           Turns: 25524, Time: 01:06:54

Health: -9/151     AC: 28    Str: 30    XL:     19   Next: 23%
Magic:  0/29       EV: 14    Int:  9    God:    Okawaru [*****.]
Gold:   2137       SH: 17    Dex: 16    Spells: 14/18 levels left

rFire    + + .     SeeInvis +   a - +1 longbow (flame)
rCold    + . .     Gourm    +   s - +2 shield {AC+3}
rNeg     . . .     Faith    .   o - +5 gold dragon scales
rPois    +         Spirit   +   (helmet unavailable)
rElec    .         Reflect  .   n - scarf {Spirit}
rCorr    .         Harm     .   v - +1 pair of gloves {archery}
MR       ++...                  G - +2 pair of boots {Fly}
Stlth    ..........             q - amulet of the gourmand
HPRegen  0.35/turn              U - ring of protection from magic
MPRegen  0.21/turn              m - +6 ring of dexterity

@: heroism, finesse, corroded, constricted
A: permanent stasis, dig shafts and tunnels, four strong arms, antennae 3, fire
resistance 1, high mp 1, strong 1
a: Dig, Shaft Self, Heroism, Finesse, Renounce Religion, Evoke Flight


You were on level 3 of the Depths.
You worshipped Okawaru.
Okawaru was extremely pleased with you.
You were full.

You visited 3 branches of the dungeon, and saw 19 of its levels.
You also visited: Labyrinth, Ossuary and Bailey.

You collected 2515 gold pieces.
You spent 378 gold pieces at shops.

Inventory:

Hand Weapons
 a - a +1 longbow of flaming (weapon)
 b - a +2 great sword of flaming
 O - a +0 shortbow
 S - a +0 blowgun
Missiles
 y - 5 needles of confusion
 L - 59 arrows (quivered)
 Q - 8 curare-tipped needles
 Y - 3 needles of paralysis
Armour
 l - the +4 pair of boots of Tomorrow {rF+}
   (Okawaru gifted it to you on level 2 of the Depths)

   It protects you from fire.
 n - a scarf of spirit shield (worn)
 o - +5 gold dragon scales (worn)
 s - a +2 shield of protection (worn)
 v - a +1 pair of gloves of archery (worn)
 A - a scarf of resistance
 G - a +2 pair of boots of flying (worn)
Jewellery
 m - a +6 ring of dexterity (right hand)
 q - an amulet of the gourmand (around neck)
 B - an uncursed ring of resist corrosion
 U - a ring of protection from magic (left hand)
 Z - the ring of Sabb {Wiz Stlth+}
   (You took it off a minotaur in a labyrinth)

   [ring of wizardry]

   It improves your spell success rate.
   It makes you more stealthy.
Wands
 d - a wand of scattershot (4)
 k - a wand of random effects (10)
 J - a wand of paralysis (67)
 M - a wand of digging (65)
 R - a wand of acid (6)
Scrolls
 c - a scroll of summoning {!r}
 e - 5 scrolls of amnesia {!r}
 g - 9 scrolls of remove curse {!r}
 h - 6 scrolls of immolation {!r}
 x - 2 scrolls of fog {!r}
 C - 3 scrolls of magic mapping {!r}
 H - 10 scrolls of identify {!r}
 N - 2 scrolls of enchant weapon {!r}
 V - a scroll of torment {!r}
 W - a scroll of vulnerability {!r}
 X - a scroll of fear {!r}
Potions
 i - a potion of lignification {!q, unknown}
 j - 6 potions of brilliance {!q}
 r - 5 potions of might {!q}
 w - a potion of ambrosia {!q}
 D - a potion of mutation {!q}
 E - 4 potions of flight {!q}
 F - 5 potions of curing {!q}
 T - a potion of cancellation {!q}
Comestibles
 f - 10 bread rations
 p - 13 meat rations
 z - 8 fruits
 I - 16 royal jellies


   Skills:
 + Level 13.6(18.6) Fighting
   Level 2.0(7.0) Staves
 + Level 15.4(20.4) Bows
 + Level 13.7(18.7) Armour
 + Level 11.8(16.8) Dodging
 - Level 9.0(14.0) Shields
 - Level 10.5 Invocations
 - Level 10.5 Evocations


You had 14 spell levels left.
You knew the following spells:

 Your Spells              Type           Power        Failure   Level  Hunger
a - Summon Butterflies    Summ           #.......     99%         1    ##.....
r - Regeneration          Chrm/Necr      #.........   100%        3    ####...


Dungeon Overview and Level Annotations

Branches:
Dungeon (15/15)            Temple (1/1) D:5            Lair (0/6) D:8
    Orc (0/2) D:9          Vaults (0/5) D:14         Depths (3/5) D:15

Altars:
Ashenzari
Dithmenos
Fedhas
Gozag
Hepliaklqana
Makhleb
Okawaru
Sif Muna
Trog
Uskayaw
Vehumet
Wu Jian
Xom
Yredelemnul
Zin
The Shining One

Shops:
D:5 [   D:8 }   D:9 ([   Depths:1 *

Portals:
Hell: Depths:1 Depths:2 Depths:3
Abyss: Depths:2 Depths:3
Pandemonium: Depths:1 Depths:2 Depths:3


Innate Abilities, Weirdness & Mutations

You cannot be hasted, slowed, berserked, paralysed or teleported.
You can dig through walls and to a lower floor.
Your four strong arms can wield two-handed weapons with a shield.
You have a pair of large antennae on your head. (SInv)
Your flesh is heat resistant. (rF+)
You have an increased reservoir of magic. (+10% MP)
Your muscles are strong. (Str +2)


Message History

You block the tentacled monstrosity's attack.
The tentacled monstrosity tentacle-slaps you but does no damage.
The tentacled monstrosity constricts you.
The caustic shrike closely misses you.
Firing (i - inventory):
L - 64 arrows (quivered)
Press: ? - help, Shift-Dir - straight line, f/p - caustic shrike
Aim: a caustic shrike (moderately wounded)
You shoot an arrow. The arrow hits the caustic shrike!
The caustic shrike is heavily wounded.
The storm dragon bites you!
* * * LOW HITPOINT WARNING * * *
The storm dragon claws you but does no damage.
The storm dragon closely misses you.
Firing (i - inventory):
L - 63 arrows (quivered)
Press: ? - help, Shift-Dir - straight line, f/p - caustic shrike
Aim: a caustic shrike (heavily wounded)
You shoot an arrow.
The arrow hits the caustic shrike but does no damage.
The caustic shrike is heavily wounded.
You block the caustic shrike's attack.
Firing (i - inventory):
L - 62 arrows (quivered)
Press: ? - help, Shift-Dir - straight line, f/p - caustic shrike
Aim: a caustic shrike (heavily wounded)
You shoot an arrow.
The arrow barely misses the caustic shrike.
The storm dragon closely misses you. x2; You block the storm dragon's attack.
The caustic shrike claws you!
* * * LOW HITPOINT WARNING * * *
The acid corrodes you!
You are splashed with acid!
The acid burns!
* * * LOW HITPOINT WARNING * * *
The tentacled monstrosity misses you.
You block the tentacled monstrosity's attack. x2
The tentacled monstrosity constricts you.
Firing (i - inventory):
L - 61 arrows (quivered)
Press: ? - help, Shift-Dir - straight line, f/p - caustic shrike
Aim: a caustic shrike (heavily wounded)
You shoot an arrow.
The arrow barely misses the caustic shrike.
A shadow dragon comes into view.
Firing (i - inventory):
L - 60 arrows (quivered)
Press: ? - help, Shift-Dir - straight line, f/p - caustic shrike
Aim: a caustic shrike (heavily wounded)
You shoot an arrow.
The arrow hits the caustic shrike but does no damage.
The caustic shrike is heavily wounded.
The caustic shrike claws you!
* * * LOW HITPOINT WARNING * * *
You are splashed with acid!
The acid burns!
* * * LOW HITPOINT WARNING * * *
You block the storm dragon's attack. x3
Okay, then.
Unknown command.
Are you sure you want to shaft yourself?
The tentacled monstrosity's grasp on you weakens, but your attempt to escape fails.
The caustic shrike claws you!
* * * LOW HITPOINT WARNING * * *
You are splashed with acid!
The acid burns!
* * * LOW HITPOINT WARNING * * *
You block the tentacled monstrosity's attack. x2
The tentacled monstrosity tentacle-slaps you.
* * * LOW HITPOINT WARNING * * *
The tentacled monstrosity constricts you!
The caustic shrike claws you!
You die...

..# #.......#..#....##......#..#.
..# #.......#.........#.##..#.###
..###........##..####.#...####.##
....'..^.......#.####..#....##...
..###........#.........#....+..##
..# #........####.###.......##'##
..# #........^...................
..###.######################.....
..##..#.........@D(D..... #.....
..##.##.........bX.#))##. #.....
.....#.....##.....(# |# ##.....
..#.##..#...##...#.## #......
....#...#...#...(....#{{ ##(.....
...##.#.........###..# #.......
...#................... ##.......
..##....##.....#####....#........
..#..#..##......... ...##...#####


You could see a shadow dragon, a tentacled monstrosity, a caustic shrike and a
storm dragon.

Vanquished Creatures
  An ancient lich (Depths:2)
  Bai Suzhen (Depths:1)
  A golden dragon (Depths:1)
  Jorgrun (Depths:2)
  A tentacled monstrosity (Depths:3)
  A titan (Depths:3)
  A sphinx (Depths:3)
  A tengu reaver (Depths:1)
  Kirke (D:13)
  Roxanne (D:14)
  6 fire giants
  A deep elf sorcerer (Depths:3)
  5 frost giants
  4 stone giants
  A vampire knight (Depths:1)
  Azrael (D:14)
  Nessos (D:14)
  An eidolon (Depths:2)
  6 ettins
  A minotaur (Lab)
  4 fire dragons
  Erolcha (D:9)
  A mummy priest (Depths:1)
  2 ogre magi
  4 great orbs of eyes
  5 yaktaur captains
  2 rakshasas (Depths:3)
  A spriggan air mage (Depths:3)
  A monstrous demonspawn (Depths:1)
  4 ice dragons
  A vault guard (D:14)
  2 centaur warriors
  3 dancing weapons (Depths:2)
  5 tengu warriors
  12 two-headed ogres
  2 deep troll shamans
  3 vampire magi
  7 deep troll earth magi
  2 orc high priests (Depths:1)
  The ghost of melvinkitnick the Martial Artist, a novice DsFi of Makhleb (D:9)
  A sun demon (Depths:1)
  A spriggan berserker (Depths:2)
  Nergalle (D:12)
  2 iron trolls (Depths:3)
  2 shadow wraiths (Depths:2)
  3 skeletal warriors (Depths:2)
  A torturous demonspawn (Depths:1)
  2 death drakes (Depths:2)
  The ghost of Amnesiac the Geomancer, a novice DEEE of Sif Muna (Bailey)
  2 flayed ghosts (Depths:2)
  A spectral anaconda (Depths:2)
  8 deep trolls
  3 wizards
  5 glowing orange brains
  2 orange crystal statues (Depths:2)
  4 phantasmal warriors
  18 ugly things
  An orb spider (shapeshifter) (D:15)
  4 deep elf magi
  4 mana vipers (Depths:2)
  2 manticores
  A cyclops (D:15)
  A guardian serpent (shapeshifter) (Depths:1)
  2 gargoyles
  5 spectral swamp worms (Depths:1)
  4 centaur skeletons
  2 kobold demonologists (Depths:1)
  A tormentor (Depths:1)
  7 yaktaurs
  An efreet (D:15)
  A redback zombie (D:14)
  3 spectral merfolk (Depths:2)
  A tengu conjurer (Depths:3)
  An ice devil (Depths:1)
  3 meliai (shapeshifter)
  A harpy skeleton (D:15)
  A queen bee (D:10)
  A raiju (Depths:2)
  5 trolls
  4 hippogriffs
  A hornet (D:12)
  9 slime creatures
  5 air elementals
  5 water elementals (Depths:2)
  4 shadows
  15 yaks
  A spriggan (D:13)
  2 wyverns
  3 vampires
  5 fire elementals
  8 wraiths
  7 hogs
  A hungry ghost (D:14)
  A steam dragon (D:13)
  2 vampire mosquitoes (D:13)
  5 wargs (Depths:2)
  Menkaure (Ossuary)
  A soldier ant (D:15)
  5 spectral trolls (Depths:2)
  A water moccasin (D:13)
  2 hydra simulacra (Depths:2)
  2 spectral spriggans (Depths:2)
  A floating eye (Depths:2)
  9 hell hounds
  A black bear (D:7)
  17 orc warriors
  8 ice beasts
  5 ogres
  A phantom (D:7)
  2 eyes of draining
  A hornet zombie (D:8)
  A necrophage (D:13)
  4 sky beasts
  A snapping turtle zombie (Depths:2)
  3 wolves (Depths:2)
  8 boggarts
  7 centaurs
  A crocodile (D:10)
  A big kobold (D:13)
  11 bullfrogs
  An earth elemental (Lab)
  A wyvern skeleton (D:12)
  A water moccasin skeleton (D:4)
  5 scorpions
  28 killer bees
  A spectral naga (Depths:2)
  20 wights
  7 howler monkeys
  2 spectral centaurs (Depths:2)
  A bullfrog zombie (D:6)
  8 crimson imps
  2 lava snakes (D:15)
  4 centaur zombies
  2 jellies
  4 quasits
  An iron imp (Depths:3)
  4 hounds
  2 bullfrog skeletons
  17 orc wizards
  9 orc priests
  Jessica (D:2)
  Natasha (thrice) (D:2)
  3 iguanas
  10 worker ants
  A troll simulacrum (Depths:2)
  4 hound skeletons
  A howler monkey zombie (D:5)
  2 mummies (Ossuary)
  6 gnolls
  3 worker ant zombies
  9 adders
  5 shadow imps
  4 white imps (Depths:1)
  An ufetubus (Depths:1)
  An ooze (D:6)
  An adder skeleton (D:6)
  2 worms
  5 leopard geckos
  54 orcs
  7 giant cockroaches
  5 gnoll zombies (Ossuary)
  5 goblins
  5 hobgoblins
  7 jackals
  4 quokkas
  A ball python (D:3)
  7 bats
  5 frilled lizards
  3 gnoll skeletons (Ossuary)
  2 goblin skeletons (Ossuary)
  5 goblin zombies (Ossuary)
  4 hobgoblin skeletons (Ossuary)
  4 hobgoblin zombies (Ossuary)
  26 kobolds
  4 kobold skeletons (Ossuary)
  A kobold zombie (Ossuary)
  A leopard gecko skeleton (D:4)
  2 leopard gecko zombies
  6 orc skeletons (Ossuary)
  An orc zombie (Ossuary)
  A quokka skeleton (D:9)
  6 rats
  A rat skeleton (Ossuary)
  7 rat zombies (Ossuary)
  A fungus (Depths:2)
738 creatures vanquished.

Vanquished Creatures (collateral kills)
  A spriggan air mage (Depths:2)
1 creature vanquished.

Vanquished Creatures (others)
  A deep troll earth mage (Depths:2)
  2 deep trolls (Depths:2)
  2 slime creatures (D:13)
  A wolf (Depths:2)
  A jelly (D:14)
  A mummy (Ossuary)
  A goblin zombie (Ossuary)
  A hobgoblin skeleton (Ossuary)
  2 kobolds
  3 kobold skeletons (Ossuary)
  An orc skeleton (Ossuary)
  An orc zombie (Ossuary)
  2 plants (Depths:2)
19 creatures vanquished.

Grand Total: 758 creatures vanquished

Notes
Turn   | Place    | Note
-------+----------+-------------------------------------------
     0 | D:1      | Amnesiac the Formicid Fighter began the quest for the Orb.
     0 | D:1      | Reached XP level 1. HP: 18/18 MP: 1/1
    76 | D:1      | Reached skill level 1 in Dodging
    79 | D:1      | Reached XP level 2. HP: 24/24 MP: 2/2
   859 | D:2      | Found a hazy altar of Hepliaklqana.
   864 | D:2      | Noticed Natasha
   866 | D:2      | Found an opulent altar of Gozag.
   871 | D:2      | Killed Natasha
   871 | D:2      | Reached XP level 3. HP: 24/29 MP: 3/3
  1010 | D:2      | Noticed Natasha
  1018 | D:2      | Killed Natasha
  1018 | D:2      | Reached XP level 4. HP: 32/35 MP: 4/4
  1144 | D:2      | Found a glowing golden altar of the Shining One.
  1162 | D:2      | Noticed Jessica
  1182 | D:2      | Killed Jessica
  1207 | D:2      | Reached XP level 5. HP: 41/41 MP: 5/5
  1338 | D:2      | Noticed Natasha
  1344 | D:2      | Killed Natasha
  1735 | D:3      | Found a hide-covered altar of Uskayaw.
  2503 | D:4      | Reached XP level 6. HP: 24/48 MP: 6/6
  2786 | D:4      | Found a radiant altar of Vehumet.
  3055 | D:4      | Reached skill level 5 in Shields
  3055 | D:4      | Reached XP level 7. HP: 55/55 MP: 7/7
  3223 | D:5      | Entered Level 5 of the Dungeon
  3290 | D:5      | Found a staircase to the Ecumenical Temple.
  3301 | Temple   | Entered the Ecumenical Temple
  3308 | Temple   | Became a worshipper of Warmaster Okawaru
  3348 | D:5      | Found a sand-covered staircase.
  3353 | Ossuary  | Entered an ossuary
  3604 | Ossuary  | Noticed Menkaure
  3646 | Ossuary  | Killed Menkaure
  3646 | Ossuary  | Reached * piety under Okawaru
  3646 | Ossuary  | Reached skill level 5 in Fighting
  3646 | Ossuary  | Reached skill level 5 in Armour
  3871 | D:5      | Found Jogeitia's Antique Armour Shoppe.
  3879 | D:5      | Bought a pair of embroidered boots for 172 gold pieces
  3903 | D:5      | Reached XP level 8. HP: 62/62 MP: 8/8
  3931 | D:5      | Found a bloodstained altar of Trog.
  4517 | D:6      | Reached ** piety under Okawaru
  4517 | D:6      | Reached skill level 5 in Invocations
  4532 | D:6      | Found a glowing silver altar of Zin.
  4696 | D:6      | Reached XP level 9. HP: 62/68 MP: 13/13
  4839 | D:6      | Reached *** piety under Okawaru
  5188 | D:6      | Found an ornate altar of the Wu Jian Council.
  5191 | D:6      | Found a shattered altar of Ashenzari.
  5194 | D:6      | Found a basalt altar of Yredelemnul.
  5407 | D:7      | Got a jewelled quarterstaff
  5528 | D:7      | Reached skill level 10 in Invocations
  6131 | D:8      | Reached **** piety under Okawaru
  6131 | D:8      | Reached skill level 1 in Bows
  6137 | D:8      | Reached skill level 2 in Bows
  6137 | D:8      | Reached XP level 10. HP: 49/76 MP: 17/17
  6253 | D:8      | Found Eleal's Gadget Boutique.
  6291 | D:8      | Reached skill level 3 in Bows
  6327 | D:8      | Found a staircase to the Lair.
  6327 | D:8      | Found a flagged portal.
  6348 | Bailey   | Entered a bailey
  6355 | Bailey   | Identified the +6 quarterstaff of Destiny {crush, rN+ Dex+7} (You found it on level 7 of the Dungeon)
  6393 | Bailey   | Noticed Amnesiac's ghost (novice DEEE)
  6408 | Bailey   | Reached skill level 4 in Bows
  6417 | Bailey   | Killed Amnesiac's ghost
  6417 | Bailey   | Reached skill level 5 in Bows
  6423 | Bailey   | HP: 1/76 [orc warrior/war axe (9)]
  6485 | Bailey   | Received a gift from Okawaru
  6507 | Bailey   | Reached skill level 6 in Bows
  6976 | D:8      | Reached skill level 7 in Bows
  7110 | D:8      | Reached ***** piety under Okawaru
  7212 | D:9      | Found Moiraige's Armour Shoppe.
  7288 | D:9      | Reached XP level 11. HP: 32/81 MP: 18/18
  7632 | D:9      | Reached skill level 8 in Bows
  7685 | D:9      | Got a pitted flail
  7700 | D:9      | Noticed Erolcha
  7728 | D:9      | Killed Erolcha
  7728 | D:9      | Reached skill level 5 in Dodging
  7814 | D:9      | Found Vomil's Weapon Shoppe.
  7815 | D:9      | Found a staircase to the Orcish Mines.
  7828 | D:9      | Bought a +0 blowgun for 37 gold pieces
  7828 | D:9      | Bought 8 curare-tipped needles for 72 gold pieces
  7900 | D:9      | Identified the +2 flail of Gravity {vamp, *Corrode +Fly rF+++ Str+4} (You found it on level 9 of the Dungeon)
  7994 | D:9      | Noticed melvinkitnick's ghost (novice DsFi)
  8020 | D:9      | Killed melvinkitnick's ghost
  8020 | D:9      | Received a gift from Okawaru
  8296 | D:10     | Entered Level 10 of the Dungeon
  8312 | D:10     | You are sucked into a shaft for 3 floors!
  8421 | D:11     | Noticed a two-headed ogre
  8445 | D:11     | Killed a two-headed ogre
  8445 | D:11     | Reached skill level 5 in Evocations
  8548 | D:11     | Noticed a green ugly thing
  8555 | D:11     | You are sucked into a shaft for 2 floors!
  9001 | D:11     | Reached XP level 12. HP: 39/89 MP: 19/19
  9319 | D:11     | Reached skill level 9 in Bows
  9419 | D:10     | Noticed a two-headed ogre
  9431 | D:10     | Killed a two-headed ogre
  9431 | D:10     | Received a gift from Okawaru
  9641 | D:10     | Got an ancient hunting sling
  9642 | D:10     | Identified the +6 hunting sling "Xiddocu Neph" {velocity, rC+ Str+2} (You found it on level 10 of the Dungeon)
 10061 | D:10     | Reached ****** piety under Okawaru
 11354 | D:11     | Received a gift from Okawaru
 11561 | D:12     | Noticed a two-headed ogre
 11574 | D:12     | Killed a two-headed ogre
 11718 | D:12     | Received a gift from Okawaru
 11848 | D:12     | You are sucked into a shaft!
 11912 | D:13     | Reached skill level 10 in Bows
 11925 | D:13     | Reached XP level 13. HP: 83/98 MP: 20/20
 12975 | D:14     | Noticed Kirke
 13189 | D:13     | Killed Kirke
 13189 | D:13     | Received a gift from Okawaru
 13430 | D:14     | Noticed Roxanne
 13504 | D:14     | Killed Roxanne
 13907 | D:12     | Noticed Nergalle
 13913 | D:12     | Reached skill level 11 in Bows
 13931 | D:12     | Killed Nergalle
 13946 | D:12     | Gained mutation: You have an increased reservoir of magic. (+10% MP) [mutagenic meat]
 13947 | D:12     | Gained mutation: Your muscles are strong. (Str +2) [mutagenic meat]
 13948 | D:12     | Gained mutation: Your flesh is heat resistant. (rF+) [mutagenic meat]
 14016 | D:12     | Learned a level 1 spell: Summon Butterflies
 14020 | D:12     | Learned a level 3 spell: Regeneration
 14659 | D:14     | Noticed Azrael
 14659 | D:14     | Noticed Nessos
 15235 | D:14     | Killed Azrael
 15344 | D:14     | Killed Nessos
 15344 | D:14     | Reached XP level 14. HP: 108/108 MP: 23/23
 15650 | D:14     | Found a gate to the Vaults.
 15656 | D:14     | Received a gift from Okawaru
 15756 | D:15     | Entered Level 15 of the Dungeon
 15920 | D:15     | Received a gift from Okawaru
 15921 | D:15     | Got an ichor-stained shortbow {god gift}
 15922 | D:15     | Identified the +9 shortbow of Yllisch {freeze, rF- MR+ Dex+4} (Okawaru gifted it to you on level 15 of the Dungeon)
 16008 | D:15     | Found a labyrinth entrance.
 16017 | Lab      | Entered a labyrinth
 16252 | Lab      | Got a steaming glass ring
 16278 | Lab      | Identified Isupt's Tome of Flying Bewitchment
 16332 | Lab      | Identified the ring of Sabb {Wiz Stlth+} (You took it off a minotaur in a labyrinth)
 16494 | D:15     | Found a staircase to the Depths.
 16732 | D:15     | Reached skill level 10 in Armour
 16815 | D:15     | Reached skill level 10 in Fighting
 16834 | D:15     | Received a gift from Okawaru
 16990 | D:15     | Reached skill level 12 in Bows
 17197 | Depths:1 | Entered Level 1 of the Depths
 17197 | Depths:1 | Noticed a frost giant
 17568 | Depths:1 | Noticed a frost giant
 17750 | Depths:1 | Killed a frost giant
 17979 | D:15     | Killed a frost giant
 17997 | Depths:1 | Found a deep blue altar of Sif Muna.
 18116 | Depths:1 | Identified the Tome of Summoning
 18121 | Depths:1 | Identified Kaluleam's Almanac of the Escort
 18291 | Depths:1 | Noticed a golden dragon
 18300 | Depths:1 | Received a gift from Okawaru
 18314 | Depths:1 | Reached XP level 15. HP: 52/115 MP: 9/24
 18718 | Depths:1 | Killed a golden dragon
 18718 | Depths:1 | Reached skill level 10 in Evocations
 18846 | Depths:1 | Got a distressingly furry chain mail {god gift}
 18857 | Depths:1 | Identified the +0 chain mail of the Ego {rC+ Stlth+} (Okawaru gifted it to you on level 1 of the Depths)
 18962 | Depths:1 | Noticed Bai Suzhen
 19546 | Depths:1 | Noticed a tengu reaver
 19559 | Depths:1 | Killed a tengu reaver
 19565 | Depths:1 | Found Vyufruwn's General Store.
 19863 | Depths:1 | Received a gift from Okawaru
 19881 | Depths:1 | Received a gift from Okawaru
 20281 | Depths:1 | Found a one-way gate leading to the halls of Pandemonium.
 20330 | Depths:1 | Bought a scroll of enchant weapon for 97 gold pieces
 20391 | Depths:1 | Noticed a stone giant
 20411 | Depths:1 | Killed a stone giant
 20429 | Depths:1 | Found a gateway to Hell.
 20550 | Depths:1 | Reached XP level 16. HP: 102/125 MP: 21/26
 20785 | Depths:1 | Found a one-way gate leading to the halls of Pandemonium.
 20817 | Depths:1 | Found Vyufruwn's General Store.
 20858 | Depths:1 | Found a gateway to Hell.
 21102 | Depths:1 | Killed Bai Suzhen
 21102 | Depths:1 | Reached skill level 13 in Bows
 21127 | Depths:1 | Found a deep blue altar of Sif Muna.
 21344 | Depths:2 | Noticed a fire giant
 21357 | Depths:2 | Killed a fire giant
 21535 | Depths:2 | Received a gift from Okawaru
 21538 | Depths:2 | Got a pair of brightly glowing boots {god gift}
 21549 | Depths:2 | Identified the +4 pair of boots of Tomorrow {rF+} (Okawaru gifted it to you on level 2 of the Depths)
 21594 | Depths:2 | Reached skill level 10 in Dodging
 21738 | Depths:2 | Noticed Jorgrun
 21745 | Depths:2 | Killed Jorgrun
 21879 | Depths:2 | Noticed a fire giant
 21890 | Depths:2 | Killed a fire giant
 21903 | Depths:2 | Got an ancient ring mail
 21914 | Depths:2 | Identified the +1 ring mail "Keptedgh" {SInv} (You found it on level 2 of the Depths)
 22134 | Depths:2 | Found a one-way gate to the infinite horrors of the Abyss.
 22298 | Depths:2 | Noticed a fire giant
 22307 | Depths:2 | Killed a fire giant
 22307 | Depths:2 | Reached XP level 17. HP: 119/133 MP: 23/27
 22325 | Depths:2 | Reached skill level 14 in Bows
 22411 | Depths:2 | Received a gift from Okawaru
 22438 | Depths:2 | Reached XP level 18. HP: 24/141 MP: 6/28
 23032 | Depths:2 | Noticed an ancient lich
 23047 | Depths:2 | Killed an ancient lich
 23047 | Depths:2 | Received a gift from Okawaru
 23403 | Depths:2 | Identified a scroll of acquirement {!r}
 23744 | Depths:3 | Reached skill level 15 in Bows
 23958 | Depths:3 | Found a shimmering altar of Xom.
 24542 | Depths:3 | Received a gift from Okawaru
 24692 | Depths:3 | Reached XP level 19. HP: 38/149 MP: 2/29
 25480 | Depths:3 | Found a burning altar of Makhleb.
 25487 | Depths:3 | Noticed a tentacled monstrosity
 25487 | Depths:3 | Noticed a titan
 25488 | Depths:3 | Noticed a tentacled monstrosity
 25496 | Depths:3 | Killed a tentacled monstrosity
 25501 | Depths:3 | Noticed a caustic shrike
 25505 | Depths:3 | Killed a titan
 25524 | Depths:3 | Mangled by a caustic shrike

Vault maps used:
D:1:      tarquinn_simple_flora_water_e, lemuel_flame_loot_1
D:2:      grunt_temple_overflow_open, first_bread, nicolae_tso_carved_into_rock,
          uniq_jessica, uniq_natasha
D:3:      lemuel_crystal_altar, portal_sewer_entry_e
D:4:      vehumet_altar_wand_db
D:5:      minmay_temple_entry_grid, serial_shops, shop_fountains, basic_altar,
          enter_ossuary_2
D:6:      lemuel_crystal_altar, grunt_temple_overflow_diamond
D:8:      lair_entry_dummy, serial_shops, nicolae_shop_trees, enter_bailey_2
D:9:      orc_david_3, uniq_erolcha
D:10:     special_room
D:11:     minmay_misc_feat_nine_boxes, st_stairs_13
D:12:     uniq_nergalle
D:13:     hangedman_stone_soup
D:14:     david_vaults_5, grunt_decor_one_mirror, uniq_roxanne, uniq_kirke,
          uniq_azrael, uniq_nessos
D:15:     grunt_enter_depths_snipers, kennysheep_crisscross, lab_entry_generic,
          palyth_stone_intersect
Temple:   eino_wide_crystal_templ
Depths:1: serial_shops, nicolae_shop_behind_doors, nrook_uturn,
          pf_hell_entry_tar_river, grunt_pan_entry_in_and_out, spider_trap,
          minmay_misc_feat_five, hangedman_summoners_spam, uniq_bai_suzhen
Depths:2: lemuel_river_lethe, hell_entry, serial_shops, pan_entry, abyss_entry,
          uniq_jorgrun
Depths:3: minmay_the_grid_triangle_9x9_rhombus_full_mashed, abyss_entry,
          serial_sigils_hangedman_scratch, rand_demon_pan_entry_1, hell_entry,
          xom_teletrap_fun
Lab:      labyrinth_mini_lab, nicolae_lab_do_over, nicolae_lab_very_dead_end,
          nicolae_lab_grate_2, lab_hedge
Ossuary:  ossuary_due_pyramid
Bailey:   bailey_axe_1, bailey

Skill      XL: |  1  2  3  4  5  6  7  8  9 10 11 12 13 14 15 16 17 18 |
---------------+-------------------------------------------------------+-----
Dodging        | 1 2 3 4 5 6 8 9 10 11 | 11.8
Shields        | 4 5 6 7 8 9 |  9.0
Fighting       | 4 5 6 7 9 10 11 12 13 | 13.6
Armour         | 4 5 6 7 9 10 11 12 13 | 13.7
Invocations    | 6 10 | 10.5
Bows           | 2 7 8 10 11 12 13 14 15 | 15.4
Evocations     | 5 9 10 | 10.5
Staves         | |  2.0

Action                   |  1- 3 |  4- 6 |  7- 9 | 10-12 | 13-15 | 16-18 | 19-21 || total
-------------------------+-------+-------+-------+-------+-------+-------+-------++-------
Melee: Quarterstaff      |    69 |   145 |   360 |   458 |       |       |       ||  1032
       Shortbow          |       |       |       |     1 |       |       |       ||     1
       Great sword       |       |       |       |       |       |    22 |       ||    22
 Fire: Shortbow          |       |       |       |   429 |   728 |       |       ||  1157
       Longbow           |       |       |       |       |   443 |   666 |   100 ||  1209
Throw: Javelin           |       |       |     1 |       |       |       |       ||     1
       Tomahawk          |       |       |       |    25 |       |       |       ||    25
       Stone             |       |       |       |     6 |       |       |       ||     6
Invok: Heroism           |       |       |       |     3 |    11 |     5 |     1 ||    20
       Finesse           |       |       |       |     1 |    11 |     5 |     1 ||    18
 Abil: Dig               |       |       |       |    10 |     3 |       |       ||    13
       Shaft Self        |       |       |       |     1 |       |       |       ||     1
       Stop Flying       |       |       |       |       |       |     2 |       ||     2
       Evoke Flight      |       |       |       |       |       |     1 |       ||     1
Evoke: Wand              |       |       |       |     2 |     4 |    12 |       ||    18
  Use: Scroll            |       |       |       |    17 |    13 |     4 |       ||    34
       Potion            |       |       |       |    12 |     3 |     1 |       ||    16
 Stab: Invisible         |       |       |       |     5 |       |       |       ||     5
       Paralysed         |       |       |       |     8 |       |       |       ||     8
  Eat: Chunk             |       |     7 |    19 |    22 |    28 |     3 |     1 ||    80
       Bread ration      |       |       |       |       |     1 |       |       ||     1
       Fruit             |       |       |       |       |       |    12 |       ||    12
Armor: Scale mail        |    31 |    30 |       |       |       |       |       ||    61
       Chain mail        |       |     7 |   161 |    73 |       |       |       ||   241
       Plate armour      |       |       |       |   193 |   187 |       |       ||   380
       Gold dragon scale |       |       |       |       |    74 |   170 |    24 ||   268
Dodge: Dodged            |    28 |    48 |   161 |   291 |   241 |    92 |    18 ||   879
Block: Shield            |    34 |    66 |   204 |   444 |   403 |   236 |    38 ||  1425
       Rpst.: Great sword |       |       |       |       |       |     1 |       ||     1

Table legend:
 A = Spawn XP
 B = Non-spawn XP
 C = Spawn XP percentage of total XP
 D = Spawn monster count
 E = Non-spawn monster count
 F = Spawn count percentage of total count
 G = Total turns spent on level
                    A         B        C        D         E        F      G
               +---------+---------+-------+---------+---------+-------+---------
         Total |       0 |  228899 |   0.0 |       0 |     733 |   0.0 | 25524
               +---------+---------+-------+---------+---------+-------+---------
           D:1 |       0 |      25 |   0.0 |       0 |      16 |   0.0 |   880
           D:2 |       0 |     161 |   0.0 |       0 |      15 |   0.0 |   746
           D:3 |       0 |      52 |   0.0 |       0 |      18 |   0.0 |   754
           D:4 |       0 |     430 |   0.0 |       0 |      26 |   0.0 |  1125
           D:5 |       0 |     488 |   0.0 |       0 |      18 |   0.0 |   823
           D:6 |       0 |    1431 |   0.0 |       0 |      31 |   0.0 |   930
           D:7 |       0 |     821 |   0.0 |       0 |      16 |   0.0 |   963
           D:8 |       0 |    2222 |   0.0 |       0 |      37 |   0.0 |  1061
           D:9 |       0 |    3335 |   0.0 |       0 |      19 |   0.0 |   885
          D:10 |       0 |    3825 |   0.0 |       0 |      42 |   0.0 |  1216
          D:11 |       0 |    5739 |   0.0 |       0 |      47 |   0.0 |  1328
          D:12 |       0 |    6862 |   0.0 |       0 |      31 |   0.0 |   961
          D:13 |       0 |    8328 |   0.0 |       0 |      44 |   0.0 |  2022
          D:14 |       0 |   11774 |   0.0 |       0 |      30 |   0.0 |  1276
          D:15 |       0 |   13346 |   0.0 |       0 |      32 |   0.0 |  1465
        Temple |       0 |      75 |   0.0 |       0 |       2 |   0.0 |    19
      Depths:1 |       0 |   53499 |   0.0 |       0 |      71 |   0.0 |  3784
      Depths:2 |       0 |   58958 |   0.0 |       0 |     108 |   0.0 |  2408
      Depths:3 |       0 |   54176 |   0.0 |       0 |      57 |   0.0 |  1788
           Lab |       0 |    1573 |   0.0 |       0 |       3 |   0.0 |   323
       Ossuary |       0 |     139 |   0.0 |       0 |      38 |   0.0 |   360
        Bailey |       0 |    1640 |   0.0 |       0 |      32 |   0.0 |   407
               +---------+---------+-------+---------+---------+-------+---------
